WCHLSIM.com - West Coast Hockey League
html PUBLIC "-//W3C//DTD XHTML 1.0 Transitional//EN" "http://www.w3.org/TR/xhtml1/DTD/xhtml1-transitional.dtd"> WCHL - Game 52 - SPOKANE KNIGHTS vs SEATTLE GRUNGE

SPOKANE KNIGHTS vs SEATTLE GRUNGE

Created - 20 octobre 2021 at 22:35

Goals
1 2 3 T
SPOKANE KNIGHTS 1 1 1 3
SEATTLE GRUNGE 0 1 1 2
Shots
1 2 3 T
SPOKANE KNIGHTS 7 10 20 37
SEATTLE GRUNGE 7 6 8 21

1st period

1. SPOKANE KNIGHTS , Sebastian Aho 1 (Patrick Kane 1, Cale Makar 4) at 15:05 (PP)

Penalties :
Matthew Grzelcyk (SEA) for Hooking (Minor) at 14:53

2nd period

2. SEATTLE GRUNGE , Jake Guentzel 1 (Mike Hoffman 1) at 0:29
3. SPOKANE KNIGHTS , Nick Foligno 2 (Bryan Rust 3, Victor Hedman 3) at 4:24

Penalties :
Matthew Tkachuk (SPO) for Tripping (Minor) at 1:07, Kevin Rooney (SEA) for Hooking (Minor) at 4:25, Radko Gudas (SPO) for Interference (Minor) at 6:54, Sebastian Aho (SPO) for Interference (Minor) at 13:18

3rd period

4. SEATTLE GRUNGE , Conor Sheary 1 (Kevin Rooney 1, Carl Hagelin 2) at 0:18
5. SPOKANE KNIGHTS , Patrice Bergeron 3 (Bryan Rust 4, Cale Makar 5) at 5:27

Penalties :
Damon Severson (SEA) for Interference (Minor) at 3:57, Matthew Tkachuk (SPO) for Boarding (Minor) at 3:57, Kevin Rooney (SEA) for Interference (Minor) at 14:44

Goalie Stats

Mike Smith (SPO), 19 saves from 21 shots - (0,905), W, 1-2-1, 60:00 minutes
Semyon Varlamov (SEA), 34 saves from 37 shots - (0,919), L, 2-2-0, 59:22 minutes

Players Stats for SPOKANE KNIGHTS

Player Name              G  A  P  +/- PIM S  H  SB GA TA FO     MP     PP MP  PK MP  
------------------------------------------------------------------------------------
Andrew Agozzino          0  0  0  -2  0   1  1  0  0  0  10/18  17:41   0:12   3:34 
Bryan Rust               0  2  2   2  0   7  1  0  0  0  0/3    16:53   2:11   0:00 
Cale Makar               0  2  2  -1  0   1  1  0  0  0  0/0    21:48   2:23   0:47 
David Backes             0  0  0   0  0   0  0  0  0  0  5/9     8:08   0:00   0:18 
Duncan Keith             0  0  0   1  0   1  0  0  0  0  0/0    20:45   1:47   0:24 
Jamie Oleksiak           0  0  0   0  0   0  0  1  0  0  0/0    15:40   0:12   2:25 
Kevin Stenlund           0  0  0   0  0   0  0  0  0  0  0/0     7:50   0:00   0:00 
Mario Ferraro            0  0  0  -2  0   0  3  2  0  0  0/0    22:44   1:47   3:32 
Matthew Tkachuk          0  0  0   1  4   2  2  0  0  0  0/1    15:13   1:47   0:00 
Mitchell Stephens        0  0  0   0  0   0  0  0  0  0  0/0     7:50   0:00   0:00 
Nick Foligno             1  0  1   1  0   2  3  0  0  0  3/10   17:38   1:47   2:23 
Patrice Bergeron         1  0  1   1  0   5  1  0  0  0  17/21  19:20   1:47   3:46 
Patrick Kane             0  1  1   0  0   5  0  0  0  0  0/1    15:49   2:23   0:00 
Radko Gudas              0  0  0   0  2   0  1  1  0  0  0/0    15:01   0:00   2:21 
Sebastian Aho            1  0  1   0  2   6  0  1  0  0  11/14  17:49   2:23   1:53 
Shane Pinto              0  0  0  -2  0   1  0  0  0  0  0/1    13:55   0:00   0:00 
Valeri Nichushkin        0  0  0  -2  0   4  1  0  0  0  0/0    13:55   0:00   0:00 
Victor Hedman            0  1  1   2  0   2  0  0  0  0  0/0    24:01   2:11   2:25 

Players Stats for SEATTLE GRUNGE

Player Name              G  A  P  +/- PIM S  H  SB GA TA FO     MP     PP MP  PK MP  
------------------------------------------------------------------------------------
Carl Hagelin             0  1  1   1  0   0  0  0  0  0  1/5    19:10   3:03   1:08 
Carter Rowney            0  0  0   0  0   0  0  0  0  0  1/7     3:34   0:38   2:56 
Conor Sheary             1  0  1   1  0   4  0  1  0  0  1/3    21:26   3:03   2:56 
Damon Severson           0  0  0  -1  2   1  3  0  0  0  0/0    22:18   3:28   1:56 
Danny DeKeyser           0  0  0   0  0   0  1  1  0  0  0/0    15:31   0:00   0:00 
David Savard             0  0  0   2  0   0  1  0  0  0  0/0    19:00   0:44   2:14 
Eric Staal               0  0  0   0  0   1  0  0  0  0  7/12   11:35   0:04   0:00 
Jake Guentzel            1  0  1  -1  0   6  2  0  0  0  0/7    21:26   2:16   0:00 
James Neal               0  0  0   0  0   0  0  0  0  0  0/0    12:05   0:34   0:00 
Kevin Rooney             0  1  1   1  4   2  4  0  0  0  9/21   18:09   0:00   0:00 
Matthew Grzelcyk         0  0  0  -1  2   2  1  1  0  0  0/0    18:40   1:45   0:00 
Mike Hoffman             0  1  1  -1  0   1  1  0  0  0  0/1    21:26   2:16   0:00 
Morgan Geekie            0  0  0   0  0   0  0  0  0  0  0/4     8:38   3:03   1:08 
Roman Josi               0  0  0  -2  0   3  0  3  0  0  0/0    23:02   2:29   1:56 
Travis Sanheim           0  0  0   2  0   1  0  0  0  0  0/0    21:27   3:28   2:14 
Trevor Lewis             0  0  0   0  0   0  0  0  0  0  0/1    13:09   0:38   0:06 
Tyler Seguin             0  0  0   0  0   0  1  0  0  0  13/17  18:52   2:16   0:00 
Wayne Simmonds           0  0  0   0  0   0  2  0  0  0  0/0     4:19   0:00   0:06 

3 Stars

1 - Bryan Rust (SPO)
2 - Nick Foligno (SPO)
3 - Patrice Bergeron (SPO)

Power Play

SPOKANE KNIGHTS - 1 on 3 Attempt(s) - 33,33%
SEATTLE GRUNGE - 0 on 3 Attempt(s) - 0,00%

Penalty Kill

SPOKANE KNIGHTS - 3 on 3 Attempt(s) - 100,00% - Score 0 goal in Penalty Kill
SEATTLE GRUNGE - 2 on 3 Attempt(s) - 66,67% - Score 0 goal in Penalty Kill

Team Stat

SPOKANE KNIGHTS - Hits : 14 - Faceoff Wins : 46 - Blocked Shots : 5 - Penalty Minutes : 8
SEATTLE GRUNGE - Hits : 16 - Faceoff Wins : 32 - Blocked Shots : 6 - Penalty Minutes : 8

Official

Referees : Francis Charron and Francois St-Laurent
Linesman : Scott Cherrey and Andrew Smith

Game Notes

No Game Note

Finance

Level 1 -- Attendance: 6000 (100,00%) -- Ticket Income 840 000 $
Level 2 -- Attendance: 4928 (98,56%) -- Ticket Income 468 160 $
Level 3 -- Attendance: 2603 (86,77%) -- Ticket Income 143 165 $
Level 4 -- Attendance: 4790 (95,80%) -- Ticket Income 215 550 $
Luxury Box -- Attendance: 969 (96,90%) -- Ticket Income 251 940 $
Total Attendance: 19290 (96,45%)
Total Ticket Income: 1 918 815 $
Other Expense: 19 188 $
Total Income: 1 899 627 $

SPOKANE KNIGHTS

5 vs 5 Forward 
   Center                   Left Wing                Right Wing               Time % Phy DF OF 
 1 Patrice Bergeron         Sebastian Aho            Patrick Kane             30     1   1  3  
 2 Nick Foligno             Bryan Rust               Matthew Tkachuk          30     1   1  3  
 3 Andrew Agozzino          Shane Pinto              Valeri Nichushkin        30     1   2  2  
 4 David Backes             Mitchell Stephens        Kevin Stenlund           10     1   2  2  

5 vs 5 Defense 
   Defense                  Defense                                           Time % Phy DF OF 
 1 Mario Ferraro            Cale Makar                                        35     1   2  2  
 2 Duncan Keith             Victor Hedman                                     35     1   2  2  
 3 Jamie Oleksiak           Radko Gudas                                       15     1   2  2  
 4 Jamie Oleksiak           Radko Gudas                                       15     1   2  2  

PowerPlay Forward 
   Center                   Left Wing                Right Wing               Time % Phy DF OF 
 1 Sebastian Aho            Bryan Rust               Patrick Kane             60     1   1  3  
 2 Patrice Bergeron         Matthew Tkachuk          Nick Foligno             40     1   1  3  

PowerPlay Defense
   Defense                  Defense                                           Time % Phy DF OF 
 1 Victor Hedman            Cale Makar                                        60     0   1  4  
 2 Duncan Keith             Mario Ferraro                                     40     0   1  4  

Penalty Kill 4 Players Forward 
   Center                   Wing                     Time % Phy DF OF 
 1 Patrice Bergeron         Nick Foligno             50     1   3  1  
 2 Sebastian Aho            Andrew Agozzino          50     1   3  1  

Penalty Kill 4 Players Defense
   Defense                  Defense                  Time % Phy DF OF 
 1 Mario Ferraro            Radko Gudas              60     1   3  1  
 2 Victor Hedman            Jamie Oleksiak           40     1   3  1  

Penalty Kill - 3 Players Forward 
   Forward                                           Time % Phy DF OF 
 1 Patrice Bergeron                                  60     0   5  0  
 2 Sebastian Aho                                     40     0   5  0  

Penalty Kill - 3 Players Defense
   Defense                  Defense                  Time % Phy DF OF 
 1 Victor Hedman            Mario Ferraro            60     0   5  0  
 2 Cale Makar               Radko Gudas              40     0   5  0  

4 vs 4 Forward 
   Center                   Wing                     Time % Phy DF OF 
 1 Patrice Bergeron         Bryan Rust               50     1   2  2  
 2 Sebastian Aho            Patrick Kane             50     1   2  2  

4 vs 4 Defense
   Defense                  Defense                  Time % Phy DF OF 
 1 Cale Makar               Victor Hedman            60     1   2  2  
 2 Duncan Keith             Mario Ferraro            40     1   2  2  

Last Minutes Offensive
   Center                   Left Wing                Right Wing               Defense                  Defense                  
   Patrice Bergeron         Sebastian Aho            Patrick Kane             Cale Makar               Victor Hedman            

Last Minutes Defensive
   Center                   Left Wing                Right Wing               Defense                  Defense                  
   Patrice Bergeron         Sebastian Aho            Bryan Rust               Cale Makar               Victor Hedman            

Goaltenders
Starting : Mike Smith               
Backup : Frederik Andersen        

Extra Forwards
Normal : David Backes, Patrick Kane, Andrew Agozzino - PP : Patrick Kane, Nick Foligno - PK : Patrice Bergeron
Extra Defensemen
Normal : Jamie Oleksiak, Radko Gudas, Mario Ferraro - PP : Mario Ferraro - PK : Cale Makar, Duncan Keith
Penalty Shots
Sebastian Aho, Patrick Kane, Patrice Bergeron, Matthew Tkachuk, Bryan Rust
Custom OT Lines Forwards
Patrice Bergeron, Sebastian Aho, Patrick Kane, Matthew Tkachuk, Bryan Rust, Valeri Nichushkin, Nick Foligno, Shane Pinto, Andrew Agozzino, David Backes
Custom OT Lines Defensemen
Victor Hedman, Cale Makar, Mario Ferraro, Duncan Keith, Jamie Oleksiak

Scratches
Tyler Pitlick (Right Hand Injury)

SEATTLE GRUNGE

5 vs 5 Forward 
   Center                   Left Wing                Right Wing               Time % Phy DF OF 
 1 Tyler Seguin             Mike Hoffman             Jake Guentzel            36     1   1  3  
 2 Kevin Rooney             Carl Hagelin             Conor Sheary             31     1   3  1  
 3 Eric Staal               Trevor Lewis             James Neal               23     1   3  1  
 4 Kevin Rooney             Morgan Geekie            Wayne Simmonds           10     1   3  1  

5 vs 5 Defense 
   Defense                  Defense                                           Time % Phy DF OF 
 1 Roman Josi               Damon Severson                                    38     1   2  2  
 2 David Savard             Travis Sanheim                                    34     1   2  2  
 3 Matthew Grzelcyk         Danny DeKeyser                                    28     1   2  2  
 4 Roman Josi               Damon Severson                                    0      1   2  2  

PowerPlay Forward 
   Center                   Left Wing                Right Wing               Time % Phy DF OF 
 1 Tyler Seguin             Mike Hoffman             Jake Guentzel            55     1   2  2  
 2 Morgan Geekie            Carl Hagelin             Conor Sheary             45     1   2  2  

PowerPlay Defense
   Defense                  Defense                                           Time % Phy DF OF 
 1 Roman Josi               Matthew Grzelcyk                                  55     1   2  2  
 2 Travis Sanheim           Damon Severson                                    45     1   2  2  

Penalty Kill 4 Players Forward 
   Center                   Wing                     Time % Phy DF OF 
 1 Carter Rowney            Conor Sheary             55     1   2  2  
 2 Morgan Geekie            Carl Hagelin             45     1   2  2  

Penalty Kill 4 Players Defense
   Defense                  Defense                  Time % Phy DF OF 
 1 Roman Josi               Damon Severson           55     1   2  2  
 2 David Savard             Travis Sanheim           45     1   2  2  

Penalty Kill - 3 Players Forward 
   Forward                                           Time % Phy DF OF 
 1 Carter Rowney                                     55     1   2  2  
 2 Morgan Geekie                                     45     1   2  2  

Penalty Kill - 3 Players Defense
   Defense                  Defense                  Time % Phy DF OF 
 1 Roman Josi               Damon Severson           55     1   2  2  
 2 David Savard             Travis Sanheim           45     1   2  2  

4 vs 4 Forward 
   Center                   Wing                     Time % Phy DF OF 
 1 Jake Guentzel            Mike Hoffman             55     1   2  2  
 2 Carl Hagelin             Conor Sheary             45     1   2  2  

4 vs 4 Defense
   Defense                  Defense                  Time % Phy DF OF 
 1 Roman Josi               Damon Severson           55     1   2  2  
 2 David Savard             Travis Sanheim           45     1   2  2  

Last Minutes Offensive
   Center                   Left Wing                Right Wing               Defense                  Defense                  
   Jake Guentzel            Mike Hoffman             Conor Sheary             Roman Josi               Damon Severson           

Last Minutes Defensive
   Center                   Left Wing                Right Wing               Defense                  Defense                  
   Jake Guentzel            Mike Hoffman             Conor Sheary             Roman Josi               Damon Severson           

Goaltenders
Starting : Semyon Varlamov          
Backup : Ryan Miller              

Extra Forwards
Normal : Morgan Geekie, James Neal, Wayne Simmonds - PP : Morgan Geekie, James Neal - PK : Wayne Simmonds
Extra Defensemen
Normal : Matthew Grzelcyk, Danny DeKeyser, David Savard - PP : Matthew Grzelcyk - PK : Danny DeKeyser, David Savard
Penalty Shots
Jake Guentzel, Mike Hoffman, Carl Hagelin, Conor Sheary, Eric Staal
Custom OT Lines Forwards
Jake Guentzel, Mike Hoffman, Carl Hagelin, Conor Sheary, Eric Staal, Tyler Seguin, James Neal, Wayne Simmonds, Carter Rowney, Trevor Lewis
Custom OT Lines Defensemen
Roman Josi, Damon Severson, David Savard, Travis Sanheim, Matthew Grzelcyk

Scratches
None


% Time on Ice - SPOKANE KNIGHTS

Lines # - Real PCT - Wanted PCT - Time Play
Normal Forward
1 - 26% - 30% - 12:33
2 - 28% - 30% - 13:28
3 - 29% - 30% - 13:55
4 - 16% - 10% - 7:50
Normal Defense
1 - 36% - 35% - 17:05
2 - 38% - 35% - 18:00
3 - 14% - 15% - 6:47
4 - 12% - 15% - 5:54
PP Forward
1 - 57% - 60% - 2:23
2 - 43% - 40% - 1:47
PP Defense
1 - 57% - 60% - 2:23
2 - 43% - 40% - 1:47
PK Forward
1 - 40% - 50% - 2:23
2 - 60% - 50% - 3:34
PK Defense
1 - 59% - 60% - 3:32
2 - 41% - 40% - 2:25
PK3 Forward
1 - 0% - 60%
2 - 0% - 40%
PK3 Defense
1 - 0% - 60%
2 - 0% - 40%
44 Forward
1 - 55% - 50% - 1:06
2 - 45% - 50% - 0:53
44 Defense
1 - 71% - 60% - 1:25
2 - 29% - 40% - 0:34
Last Minute Offensive  - 0:00
Last Minute Defensive  - 0:08
Total
Forward - 60:00
Defense - 60:00

% Time on Ice - SEATTLE GRUNGE

Lines # - Real PCT - Wanted PCT - Time Play
Normal Forward
1 - 35% - 36% - 16:36
2 - 31% - 31% - 14:37
3 - 25% - 23% - 11:31
4 - 9% - 10% - 4:13
Normal Defense
1 - 35% - 38% - 16:15
2 - 32% - 34% - 15:11
3 - 33% - 28% - 15:31
4 - 0% - 0% - 0:00
PP Forward
1 - 39% - 55% - 2:20
2 - 61% - 45% - 3:37
PP Defense
1 - 41% - 55% - 2:25
2 - 59% - 45% - 3:32
PK Forward
1 - 73% - 55% - 3:02
2 - 27% - 45% - 1:08
PK Defense
1 - 46% - 55% - 1:56
2 - 54% - 45% - 2:14
PK3 Forward
1 - 0% - 55%
2 - 0% - 45%
PK3 Defense
1 - 0% - 55%
2 - 0% - 45%
44 Forward
1 - 82% - 55% - 1:37
2 - 18% - 45% - 0:22
44 Defense
1 - 71% - 55% - 1:25
2 - 29% - 45% - 0:34
Last Minute Offensive  - 0:57
Last Minute Defensive  - 0:00
Total
Forward - 60:00
Defense - 60:00

Play-by-Play

1st period


0:01 of 1st period - Patrice Bergeron wins face-off versus Tyler Seguin in neutral zone.
0:26 of 1st period - Shot by Patrice Bergeron.
0:26 of 1st period - Stopped by Semyon Varlamov without a rebound.
0:27 of 1st period - Kevin Rooney wins face-off versus Nick Foligno in SEATTLE GRUNGE zone.
0:50 of 1st period - Shot by Bryan Rust.
0:50 of 1st period - Shot Misses the Net.
1:04 of 1st period - Shot by Bryan Rust.
1:04 of 1st period - Stopped by Semyon Varlamov without a rebound.
1:05 of 1st period - Andrew Agozzino wins face-off versus Eric Staal in SEATTLE GRUNGE zone.
1:12 of 1st period - Shot by Valeri Nichushkin.
1:12 of 1st period - Shot Blocked by Matthew Grzelcyk.
1:21 of 1st period - Icing by Valeri Nichushkin.
1:22 of 1st period - Andrew Agozzino wins face-off versus Jake Guentzel in SPOKANE KNIGHTS zone.
1:51 of 1st period - Shot by Jake Guentzel.
1:51 of 1st period - Shot Misses the Net.
1:53 of 1st period - Shot by Damon Severson.
1:53 of 1st period - Stopped by Mike Smith with a rebound.
2:07 of 1st period - Shot by Jake Guentzel.
2:07 of 1st period - Stopped by Mike Smith without a rebound.
2:08 of 1st period - David Backes wins face-off versus Kevin Rooney in SPOKANE KNIGHTS zone.
2:44 of 1st period - Off-side.
2:45 of 1st period - Patrice Bergeron wins face-off versus Trevor Lewis in neutral zone.
4:15 of 1st period - Bryan Rust is hit by Damon Severson and loses puck.
4:23 of 1st period - Matthew Tkachuk is hit by Damon Severson.
5:14 of 1st period - Conor Sheary is hit by Cale Makar.
6:05 of 1st period - Off-side.
6:06 of 1st period - Tyler Seguin wins face-off versus David Backes in neutral zone.
6:09 of 1st period - Shot by Roman Josi.
6:09 of 1st period - Stopped by Mike Smith with a rebound.
6:26 of 1st period - Shot by Jake Guentzel.
6:26 of 1st period - Shot Misses the Net.
6:58 of 1st period - Off-side.
6:59 of 1st period - Kevin Rooney wins face-off versus Patrice Bergeron in neutral zone.
7:04 of 1st period - Shot by Kevin Rooney.
7:04 of 1st period - Stopped by Mike Smith without a rebound.
7:05 of 1st period - Patrice Bergeron wins face-off versus Kevin Rooney in SPOKANE KNIGHTS zone.
7:05 of 1st period - Patrice Bergeron is hit by Kevin Rooney.
7:23 of 1st period - Shot by Sebastian Aho.
7:23 of 1st period - Stopped by Semyon Varlamov with a rebound.
7:25 of 1st period - Shot by Patrice Bergeron.
7:25 of 1st period - Shot Misses the Net.
8:26 of 1st period - Icing by Victor Hedman.
8:27 of 1st period - Nick Foligno wins face-off versus Eric Staal in SPOKANE KNIGHTS zone.
8:40 of 1st period - Shot by James Neal.
8:40 of 1st period - Shot Misses the Net.
10:36 of 1st period - Shot by Jake Guentzel.
10:36 of 1st period - Shot Misses the Net.
10:38 of 1st period - Shot by Roman Josi.
10:38 of 1st period - Stopped by Mike Smith without a rebound.
10:39 of 1st period - Kevin Rooney wins face-off versus Matthew Tkachuk in SPOKANE KNIGHTS zone.
11:10 of 1st period - Shot by Matthew Tkachuk.
11:10 of 1st period - Stopped by Semyon Varlamov with a rebound.
11:12 of 1st period - Shot by Victor Hedman.
11:12 of 1st period - Stopped by Semyon Varlamov with a rebound.
11:14 of 1st period - Shot by Duncan Keith.
11:14 of 1st period - Stopped by Semyon Varlamov without a rebound.
11:15 of 1st period - Tyler Seguin wins face-off versus Andrew Agozzino in SEATTLE GRUNGE zone.
11:22 of 1st period - Jamie Oleksiak is hit by Jake Guentzel and loses puck.
11:43 of 1st period - Shot by Jake Guentzel.
11:43 of 1st period - Shot Misses the Net.
12:14 of 1st period - Icing by Radko Gudas.
12:15 of 1st period - Eric Staal wins face-off versus Andrew Agozzino in SPOKANE KNIGHTS zone.
12:43 of 1st period - Shot by Eric Staal.
12:43 of 1st period - Shot Misses the Net.
13:23 of 1st period - Shot by Conor Sheary.
13:23 of 1st period - Shot Misses the Net.
14:14 of 1st period - Shot by Victor Hedman.
14:14 of 1st period - Shot Misses the Net.
14:16 of 1st period - Shot by Bryan Rust.
14:16 of 1st period - Shot Hit the Post.
14:53 of 1st period - Minor Penalty to Matthew Grzelcyk for Hooking.
14:54 of 1st period - Sebastian Aho wins face-off versus Carter Rowney in SEATTLE GRUNGE zone.
15:05 of 1st period - Shot by Patrick Kane.
15:05 of 1st period - Deflect By Sebastian Aho.
15:05 of 1st period - Goal by Sebastian Aho - SPOKANE KNIGHTS : 1 - SEATTLE GRUNGE : 0.
15:06 of 1st period - Eric Staal wins face-off versus David Backes in neutral zone.
16:13 of 1st period - Icing by Mario Ferraro.
16:14 of 1st period - Tyler Seguin wins face-off versus Shane Pinto in SPOKANE KNIGHTS zone.
16:19 of 1st period - Shot by Jake Guentzel.
16:19 of 1st period - Stopped by Mike Smith without a rebound.
16:20 of 1st period - Patrice Bergeron wins face-off versus Carl Hagelin in SPOKANE KNIGHTS zone.
16:26 of 1st period - Icing by Roman Josi.
16:27 of 1st period - Kevin Rooney wins face-off versus Nick Foligno in SEATTLE GRUNGE zone.
16:27 of 1st period - Kevin Rooney is hit by Bryan Rust.
16:30 of 1st period - Icing by Carl Hagelin.
16:31 of 1st period - Conor Sheary wins face-off versus Andrew Agozzino in SEATTLE GRUNGE zone.
16:31 of 1st period - Conor Sheary is hit by Valeri Nichushkin.
18:22 of 1st period - Shot by Jamie Oleksiak.
18:22 of 1st period - Shot Blocked by Roman Josi.
18:37 of 1st period - Conor Sheary is hit by Patrice Bergeron and loses puck.
18:43 of 1st period - Icing by Damon Severson.
18:44 of 1st period - David Backes wins face-off versus Kevin Rooney in SEATTLE GRUNGE zone.
19:41 of 1st period - Shot by Jake Guentzel.
19:41 of 1st period - Shot Misses the Net.
19:47 of 1st period - Shot by Jake Guentzel.
19:47 of 1st period - Stopped by Mike Smith with a rebound.
Goals for this period are 1 for SPOKANE KNIGHTS vs 0 for SEATTLE GRUNGE.
Shots for this period are 7 for SPOKANE KNIGHTS vs 7 for SEATTLE GRUNGE.

2nd period


0:01 of 2nd period - Tyler Seguin wins face-off versus Andrew Agozzino in neutral zone.
0:27 of 2nd period - Shot by Jake Guentzel.
0:27 of 2nd period - Shot Misses the Net.
0:29 of 2nd period - Shot by Jake Guentzel.
0:29 of 2nd period - Goal by Jake Guentzel - SPOKANE KNIGHTS : 1 - SEATTLE GRUNGE : 1.
0:30 of 2nd period - Nick Foligno wins face-off versus Eric Staal in neutral zone.
1:03 of 2nd period - Matthew Grzelcyk is hit by Matthew Tkachuk and loses puck.
1:07 of 2nd period - Minor Penalty to Matthew Tkachuk for Tripping.
1:08 of 2nd period - Sebastian Aho wins face-off versus Tyler Seguin in SPOKANE KNIGHTS zone.
1:08 of 2nd period - Sebastian Aho is hit by Mike Hoffman.
1:39 of 2nd period - Shot by Travis Sanheim.
1:39 of 2nd period - Stopped by Mike Smith without a rebound.
1:40 of 2nd period - Patrice Bergeron wins face-off versus Morgan Geekie in SPOKANE KNIGHTS zone.
1:59 of 2nd period - Shot by Roman Josi.
1:59 of 2nd period - Shot Misses the Net.
3:10 of 2nd period - Mike Hoffman is hit by Mario Ferraro and loses puck.
3:26 of 2nd period - Trevor Lewis is hit by Mario Ferraro and loses puck.
3:40 of 2nd period - James Neal is hit by Mario Ferraro.
4:12 of 2nd period - Shot by Patrick Kane.
4:12 of 2nd period - Stopped by Semyon Varlamov without a rebound.
4:13 of 2nd period - Tyler Seguin wins face-off versus Bryan Rust in SEATTLE GRUNGE zone.
4:13 of 2nd period - Jake Guentzel is hit by Nick Foligno and loses puck.
4:22 of 2nd period - Shot by Bryan Rust.
4:22 of 2nd period - Shot Misses the Net.
4:24 of 2nd period - Shot by Nick Foligno.
4:24 of 2nd period - Goal by Nick Foligno - SPOKANE KNIGHTS : 2 - SEATTLE GRUNGE : 1.
4:25 of 2nd period - Andrew Agozzino wins face-off versus Kevin Rooney in neutral zone.
4:25 of 2nd period - Minor Penalty to Kevin Rooney for Hooking.
4:26 of 2nd period - Carter Rowney wins face-off versus Sebastian Aho in SEATTLE GRUNGE zone.
4:41 of 2nd period - Shot by Sebastian Aho.
4:41 of 2nd period - Stopped by Semyon Varlamov without a rebound.
4:42 of 2nd period - Patrice Bergeron wins face-off versus Carter Rowney in SEATTLE GRUNGE zone.
5:19 of 2nd period - Shot by Patrice Bergeron.
5:19 of 2nd period - Stopped by Semyon Varlamov without a rebound.
5:20 of 2nd period - Sebastian Aho wins face-off versus Morgan Geekie in SEATTLE GRUNGE zone.
5:33 of 2nd period - Shot by Patrick Kane.
5:33 of 2nd period - Shot Misses the Net.
5:40 of 2nd period - Icing by Sebastian Aho.
5:41 of 2nd period - Sebastian Aho wins face-off versus Carter Rowney in SPOKANE KNIGHTS zone.
5:48 of 2nd period - Shot by Sebastian Aho.
5:48 of 2nd period - Shot Misses the Net.
5:50 of 2nd period - Shot by Sebastian Aho.
5:50 of 2nd period - Shot Blocked by Roman Josi.
6:54 of 2nd period - Minor Penalty to Radko Gudas for Interference.
6:55 of 2nd period - Patrice Bergeron wins face-off versus Morgan Geekie in SPOKANE KNIGHTS zone.
7:12 of 2nd period - Shot by Carl Hagelin.
7:12 of 2nd period - Deflect By Conor Sheary.
7:12 of 2nd period - Shot Blocked by Mario Ferraro.
7:58 of 2nd period - Shot by Matthew Grzelcyk.
7:58 of 2nd period - Shot Misses the Net.
8:00 of 2nd period - Shot by Matthew Grzelcyk.
8:00 of 2nd period - Shot Misses the Net.
8:02 of 2nd period - Shot by Jake Guentzel.
8:02 of 2nd period - Stopped by Mike Smith without a rebound.
8:03 of 2nd period - Tyler Seguin wins face-off versus Sebastian Aho in SPOKANE KNIGHTS zone.
8:24 of 2nd period - Andrew Agozzino is hit by Jake Guentzel and loses puck.
8:31 of 2nd period - Shot by Matthew Grzelcyk.
8:31 of 2nd period - Stopped by Mike Smith without a rebound.
8:32 of 2nd period - Tyler Seguin wins face-off versus Patrice Bergeron in SPOKANE KNIGHTS zone.
8:44 of 2nd period - Icing by Roman Josi.
8:45 of 2nd period - Tyler Seguin wins face-off versus Patrice Bergeron in SEATTLE GRUNGE zone.
8:50 of 2nd period - Shot by Roman Josi.
8:50 of 2nd period - Shot Misses the Net.
9:30 of 2nd period - Shot by Eric Staal.
9:30 of 2nd period - Stopped by Mike Smith without a rebound.
9:31 of 2nd period - Patrice Bergeron wins face-off versus Kevin Rooney in SPOKANE KNIGHTS zone.
11:38 of 2nd period - Shot by Bryan Rust.
11:38 of 2nd period - Stopped by Semyon Varlamov with a rebound.
11:40 of 2nd period - Shot by Bryan Rust.
11:40 of 2nd period - Stopped by Semyon Varlamov with a rebound.
11:55 of 2nd period - Bryan Rust is hit by Danny DeKeyser.
12:03 of 2nd period - Shot by Bryan Rust.
12:03 of 2nd period - Stopped by Semyon Varlamov with a rebound.
12:05 of 2nd period - Shot by Jamie Oleksiak.
12:05 of 2nd period - Shot Misses the Net.
12:47 of 2nd period - Shot by Kevin Stenlund.
12:47 of 2nd period - Shot Misses the Net.
13:18 of 2nd period - Minor Penalty to Sebastian Aho for Interference.
13:19 of 2nd period - Patrice Bergeron wins face-off versus Morgan Geekie in SPOKANE KNIGHTS zone.
13:51 of 2nd period - Shot by Conor Sheary.
13:51 of 2nd period - Shot Misses the Net.
13:53 of 2nd period - Shot by Carl Hagelin.
13:53 of 2nd period - Shot Blocked by Mario Ferraro.
13:55 of 2nd period - Shot by Travis Sanheim.
13:55 of 2nd period - Shot Misses the Net.
14:17 of 2nd period - Shot by James Neal.
14:17 of 2nd period - Shot Misses the Net.
15:05 of 2nd period - Shot by Nick Foligno.
15:05 of 2nd period - Stopped by Semyon Varlamov with a rebound.
15:34 of 2nd period - Off-side.
15:35 of 2nd period - David Backes wins face-off versus Kevin Rooney in neutral zone.
15:35 of 2nd period - David Backes is hit by Wayne Simmonds.
15:42 of 2nd period - Kevin Stenlund is hit by Damon Severson and loses puck.
16:23 of 2nd period - Shot by James Neal.
16:23 of 2nd period - Shot Misses the Net.
16:45 of 2nd period - Shot by Conor Sheary.
16:45 of 2nd period - Stopped by Mike Smith without a rebound.
16:46 of 2nd period - Tyler Seguin wins face-off versus Nick Foligno in SPOKANE KNIGHTS zone.
17:20 of 2nd period - Bryan Rust is hit by Matthew Grzelcyk and loses puck.
18:33 of 2nd period - Shot by Valeri Nichushkin.
18:33 of 2nd period - Stopped by Semyon Varlamov without a rebound.
18:34 of 2nd period - Kevin Rooney wins face-off versus David Backes in SEATTLE GRUNGE zone.
19:01 of 2nd period - Duncan Keith is hit by Wayne Simmonds and loses puck.
19:11 of 2nd period - Duncan Keith is hit by Kevin Rooney and loses puck.
19:51 of 2nd period - Shot by Shane Pinto.
19:51 of 2nd period - Stopped by Semyon Varlamov without a rebound.
19:52 of 2nd period - Carl Hagelin wins face-off versus Patrick Kane in SEATTLE GRUNGE zone.
Goals for this period are 1 for SPOKANE KNIGHTS vs 1 for SEATTLE GRUNGE.
Shots for this period are 10 for SPOKANE KNIGHTS vs 6 for SEATTLE GRUNGE.

3rd period


0:01 of 3rd period - Kevin Rooney wins face-off versus Andrew Agozzino in neutral zone.
0:06 of 3rd period - Shot by Conor Sheary.
0:06 of 3rd period - Stopped by Mike Smith without a rebound.
0:07 of 3rd period - Andrew Agozzino wins face-off versus Conor Sheary in SPOKANE KNIGHTS zone.
0:18 of 3rd period - Shot by Conor Sheary.
0:18 of 3rd period - Goal by Conor Sheary - SPOKANE KNIGHTS : 2 - SEATTLE GRUNGE : 2.
0:19 of 3rd period - Patrice Bergeron wins face-off versus Tyler Seguin in neutral zone.
1:13 of 3rd period - Icing by Patrick Kane.
1:14 of 3rd period - Sebastian Aho wins face-off versus Conor Sheary in SPOKANE KNIGHTS zone.
1:14 of 3rd period - Sebastian Aho is hit by Kevin Rooney.
2:15 of 3rd period - Off-side.
2:16 of 3rd period - Andrew Agozzino wins face-off versus Jake Guentzel in neutral zone.
2:36 of 3rd period - Shot by Valeri Nichushkin.
2:36 of 3rd period - Stopped by Semyon Varlamov with a rebound.
2:38 of 3rd period - Shot by Cale Makar.
2:38 of 3rd period - Stopped by Semyon Varlamov without a rebound.
2:39 of 3rd period - Eric Staal wins face-off versus Bryan Rust in SEATTLE GRUNGE zone.
2:39 of 3rd period - Eric Staal is hit by Matthew Tkachuk.
2:50 of 3rd period - Eric Staal is hit by Radko Gudas and loses puck.
3:01 of 3rd period - Danny DeKeyser is hit by Nick Foligno and loses puck.
3:08 of 3rd period - Shot by Matthew Tkachuk.
3:08 of 3rd period - Stopped by Semyon Varlamov without a rebound.
3:09 of 3rd period - Andrew Agozzino wins face-off versus Kevin Rooney in SEATTLE GRUNGE zone.
3:12 of 3rd period - Shot by Andrew Agozzino.
3:12 of 3rd period - Stopped by Semyon Varlamov without a rebound.
3:13 of 3rd period - Andrew Agozzino wins face-off versus Carl Hagelin in SEATTLE GRUNGE zone.
3:13 of 3rd period - Andrew Agozzino is hit by David Savard.
3:45 of 3rd period - Shot by Valeri Nichushkin.
3:45 of 3rd period - Shot Misses the Net.
3:47 of 3rd period - Shot by Valeri Nichushkin.
3:47 of 3rd period - Shot Misses the Net.
3:49 of 3rd period - Shot by Valeri Nichushkin.
3:49 of 3rd period - Stopped by Semyon Varlamov without a rebound.
3:50 of 3rd period - Tyler Seguin wins face-off versus Nick Foligno in SEATTLE GRUNGE zone.
3:50 of 3rd period - Tyler Seguin is hit by Nick Foligno.
3:57 of 3rd period - Minor Penalty to Damon Severson for Interference.
3:57 of 3rd period - Minor Penalty to Matthew Tkachuk for Boarding.
3:58 of 3rd period - Patrice Bergeron wins face-off versus Mike Hoffman in SEATTLE GRUNGE zone.
4:05 of 3rd period - Shot by Victor Hedman.
4:05 of 3rd period - Stopped by Semyon Varlamov without a rebound.
4:06 of 3rd period - Sebastian Aho wins face-off versus Jake Guentzel in SEATTLE GRUNGE zone.
4:29 of 3rd period - Shot by Sebastian Aho.
4:29 of 3rd period - Stopped by Semyon Varlamov without a rebound.
4:30 of 3rd period - Patrice Bergeron wins face-off versus Jake Guentzel in SEATTLE GRUNGE zone.
4:51 of 3rd period - Shot by Bryan Rust.
4:51 of 3rd period - Stopped by Semyon Varlamov without a rebound.
4:52 of 3rd period - Sebastian Aho wins face-off versus Carl Hagelin in SEATTLE GRUNGE zone.
5:01 of 3rd period - Shot by Sebastian Aho.
5:01 of 3rd period - Stopped by Semyon Varlamov without a rebound.
5:02 of 3rd period - Patrice Bergeron wins face-off versus Jake Guentzel in SEATTLE GRUNGE zone.
5:23 of 3rd period - Shot by Bryan Rust.
5:23 of 3rd period - Shot Misses the Net.
5:25 of 3rd period - Shot by Patrice Bergeron.
5:25 of 3rd period - Shot Misses the Net.
5:27 of 3rd period - Shot by Bryan Rust.
5:27 of 3rd period - Deflect By Patrice Bergeron.
5:27 of 3rd period - Goal by Patrice Bergeron - SPOKANE KNIGHTS : 3 - SEATTLE GRUNGE : 2.
5:28 of 3rd period - Sebastian Aho wins face-off versus Carl Hagelin in neutral zone.
5:39 of 3rd period - Shot by Patrick Kane.
5:39 of 3rd period - Stopped by Semyon Varlamov without a rebound.
5:40 of 3rd period - Patrice Bergeron wins face-off versus Jake Guentzel in SEATTLE GRUNGE zone.
5:49 of 3rd period - Shot by Patrice Bergeron.
5:49 of 3rd period - Stopped by Semyon Varlamov without a rebound.
5:50 of 3rd period - Sebastian Aho wins face-off versus Jake Guentzel in SEATTLE GRUNGE zone.
5:53 of 3rd period - Shot by Sebastian Aho.
5:53 of 3rd period - Stopped by Semyon Varlamov with a rebound.
6:08 of 3rd period - Shot by Conor Sheary.
6:08 of 3rd period - Stopped by Mike Smith with a rebound.
6:49 of 3rd period - Icing by David Savard.
6:50 of 3rd period - Nick Foligno wins face-off versus Kevin Rooney in SEATTLE GRUNGE zone.
7:53 of 3rd period - Icing by Cale Makar.
7:54 of 3rd period - Eric Staal wins face-off versus Nick Foligno in SPOKANE KNIGHTS zone.
8:33 of 3rd period - Shot by Matthew Grzelcyk.
8:33 of 3rd period - Stopped by Mike Smith without a rebound.
8:34 of 3rd period - Patrice Bergeron wins face-off versus Tyler Seguin in SPOKANE KNIGHTS zone.
8:43 of 3rd period - Shot by Sebastian Aho.
8:43 of 3rd period - Shot Blocked by Roman Josi.
8:51 of 3rd period - Patrick Kane is hit by Tyler Seguin and loses puck.
9:02 of 3rd period - Shot by Mike Hoffman.
9:02 of 3rd period - Shot Misses the Net.
9:04 of 3rd period - Shot by Jake Guentzel.
9:04 of 3rd period - Shot Blocked by Sebastian Aho.
9:06 of 3rd period - Shot by Jake Guentzel.
9:06 of 3rd period - Shot Blocked by Jamie Oleksiak.
9:08 of 3rd period - Shot by Roman Josi.
9:08 of 3rd period - Shot Misses the Net.
9:10 of 3rd period - Shot by Roman Josi.
9:10 of 3rd period - Stopped by Mike Smith without a rebound.
9:11 of 3rd period - Andrew Agozzino wins face-off versus Eric Staal in SPOKANE KNIGHTS zone.
9:35 of 3rd period - Icing by Trevor Lewis.
9:36 of 3rd period - Eric Staal wins face-off versus Nick Foligno in SEATTLE GRUNGE zone.
10:12 of 3rd period - Shot by Mike Hoffman.
10:12 of 3rd period - Stopped by Mike Smith without a rebound.
10:13 of 3rd period - Kevin Rooney wins face-off versus Andrew Agozzino in SPOKANE KNIGHTS zone.
10:32 of 3rd period - Shot by Valeri Nichushkin.
10:32 of 3rd period - Shot Misses the Net.
10:44 of 3rd period - Shot by Conor Sheary.
10:44 of 3rd period - Deflect By Kevin Rooney.
10:44 of 3rd period - Stopped by Mike Smith without a rebound.
10:45 of 3rd period - Tyler Seguin wins face-off versus Patrice Bergeron in SPOKANE KNIGHTS zone.
11:06 of 3rd period - Shot by Patrice Bergeron.
11:06 of 3rd period - Stopped by Semyon Varlamov without a rebound.
11:07 of 3rd period - Eric Staal wins face-off versus Nick Foligno in SEATTLE GRUNGE zone.
11:55 of 3rd period - Shot by Bryan Rust.
11:55 of 3rd period - Stopped by Semyon Varlamov without a rebound.
11:56 of 3rd period - Andrew Agozzino wins face-off versus Kevin Rooney in SEATTLE GRUNGE zone.
12:07 of 3rd period - Shot by Valeri Nichushkin.
12:07 of 3rd period - Stopped by Semyon Varlamov without a rebound.
12:08 of 3rd period - Tyler Seguin wins face-off versus Sebastian Aho in SEATTLE GRUNGE zone.
12:17 of 3rd period - Shot by Patrick Kane.
12:17 of 3rd period - Stopped by Semyon Varlamov without a rebound.
12:18 of 3rd period - Andrew Agozzino wins face-off versus Kevin Rooney in SEATTLE GRUNGE zone.
12:25 of 3rd period - Shot by Valeri Nichushkin.
12:25 of 3rd period - Shot Misses the Net.
12:45 of 3rd period - Icing by Damon Severson.
12:46 of 3rd period - Patrice Bergeron wins face-off versus Kevin Rooney in SEATTLE GRUNGE zone.
14:00 of 3rd period - Shot by Jake Guentzel.
14:00 of 3rd period - Stopped by Mike Smith without a rebound.
14:01 of 3rd period - Eric Staal wins face-off versus Bryan Rust in SPOKANE KNIGHTS zone.
14:13 of 3rd period - Shot by Bryan Rust.
14:13 of 3rd period - Shot Blocked by Danny DeKeyser.
14:21 of 3rd period - Shot by Matthew Tkachuk.
14:21 of 3rd period - Shot Misses the Net.
14:23 of 3rd period - Shot by Bryan Rust.
14:23 of 3rd period - Stopped by Semyon Varlamov without a rebound.
14:24 of 3rd period - Kevin Rooney wins face-off versus Andrew Agozzino in SEATTLE GRUNGE zone.
14:44 of 3rd period - Minor Penalty to Kevin Rooney for Interference.
14:45 of 3rd period - Sebastian Aho wins face-off versus Carter Rowney in SEATTLE GRUNGE zone.
14:59 of 3rd period - Shot by Patrick Kane.
14:59 of 3rd period - Shot Misses the Net.
15:01 of 3rd period - Shot by Bryan Rust.
15:01 of 3rd period - Shot Misses the Net.
15:03 of 3rd period - Shot by Sebastian Aho.
15:03 of 3rd period - Deflect By Patrick Kane.
15:03 of 3rd period - Stopped by Semyon Varlamov without a rebound.
15:04 of 3rd period - Patrice Bergeron wins face-off versus Carter Rowney in SEATTLE GRUNGE zone.
16:28 of 3rd period - Shot by Bryan Rust.
16:28 of 3rd period - Deflect By Patrick Kane.
16:28 of 3rd period - Stopped by Semyon Varlamov without a rebound.
16:29 of 3rd period - Sebastian Aho wins face-off versus Carter Rowney in SEATTLE GRUNGE zone.
16:55 of 3rd period - Off-side.
16:56 of 3rd period - David Backes wins face-off versus Eric Staal in neutral zone.
17:25 of 3rd period - Shot by Eric Staal.
17:25 of 3rd period - Shot Blocked by Radko Gudas.
17:30 of 3rd period - Icing by Radko Gudas.
17:31 of 3rd period - Tyler Seguin wins face-off versus David Backes in SPOKANE KNIGHTS zone.
17:45 of 3rd period - Icing by Jamie Oleksiak.
17:46 of 3rd period - David Backes wins face-off versus Kevin Rooney in SPOKANE KNIGHTS zone.
17:46 of 3rd period - David Backes is hit by Kevin Rooney.
18:14 of 3rd period - Shot by Matthew Tkachuk.
18:14 of 3rd period - Shot Blocked by Conor Sheary.
18:53 of 3rd period - Icing by Danny DeKeyser.
18:54 of 3rd period - Kevin Rooney wins face-off versus Andrew Agozzino in SEATTLE GRUNGE zone.
18:54 of 3rd period - Kevin Rooney is hit by Andrew Agozzino.
19:22 of 3rd period - SEATTLE GRUNGE, Semyon Varlamov is pulled from the net.
19:24 of 3rd period - Shot by Morgan Geekie.
19:24 of 3rd period - Shot Misses the Net.
Goals for this period are 1 for SPOKANE KNIGHTS vs 1 for SEATTLE GRUNGE.
Shots for this period are 20 for SPOKANE KNIGHTS vs 8 for SEATTLE GRUNGE.


RYAN
NUGENT-HOPKINS
THATCHER
DEMKO
MITCHELL
MARNER

EAST COAST

HOCKEY LEAGUE

  • 13.MAN3PIT5
  • 14.NHW2ATL3
  • 15.PET5WOR4
  • 16.RHI30
  • 17.QUECHI
  • 18.CHALIM
  • 19.TRVLON
  • 20.CHWBAL